cohdb
Replays
Latest Replays
All Replays
Popular Replays
Top Player Replays
Match Explorer
How It Works
Community
CoH3 Stats
Reddit
Sign in to upload your games and track your stats! →
Sign in with Steam
Match 45460454
Unlisted
Match 45460454
Overview
Messages
Build Orders
End
Royal Engineer Section
Construct Section Command Post
Selects Air and Sea Battlegroup
Dingo Light Scout Car
Infantry Section
Infantry Section
Selects Commando Section Paradrop
Selects M1 Pack Howitzer Paradrop
M1 Pack Howitzer Paradrop
Commando Section Paradrop
Bad-touch-panda
lebron dih
Iskuffstvo
朴成性
TeamSpeakUser
LITTLE TRICKSTER
Everyone's Idol Goro
Mr. Refreshing
0
0
Comments
sign in to comment!
No comments posted yet!